 Dungeon Sprint DCSS version 0.30.1-9-gdf580d7c3d (webtiles) character file.

Game seed: 14481555579591070004

1340 Heoruswealwe the Impaler (level 8, -2/83 HPs)
             Began as a Minotaur Fighter on Oct 12, 2023.
             Was an Initiate of Gozag.
             Slain by a boulder beetle (15 damage)
             ... in the Dungeon (Sprint IX: "|||||||||||||||||||||||||||||").
             The game lasted 00:01:30 (181 turns).

Heoruswealwe the Impaler (Minotaur Fighter)          Turns: 181, Time: 00:01:30

Health: -2/83      AC: 12    Str: 22    XL:     8   Next: 35%
Magic:  7/7        EV:  8    Int:  5    God:    Gozag
Gold:   558        SH:  4    Dex: 11    Spells: 7/7 levels left

rFire   . . .        a - +0 trident
rCold   . . .        d - +0 buckler
rNeg    . . .        c - +0 chain mail
rPois   .            (helmet restricted)
rElec   .            (no cloak)
rCorr   .            (no gloves)
SInv    .            (no boots)
Will    .....        (no amulet) Stlth
                     (no ring)
HPRegen 0.33/turn    (no ring)
MPRegen 0.10/turn

%: no teleportation
@: no status effects
A: horns 2, retaliatory headbutt
a: Renounce Religion, Potion Petition, Call Merchant, Bribe Branch


You were in the Dungeon.
You worshipped Gozag.
Gozag was pleased with you.
You visited 1 branch You collected 558 gold pieces.

Inventory:

Hand Weapons
 a - a +0 trident (weapon)
Armour
 c - a +0 chain mail (worn)
 d - a +0 buckler (worn)
Jewellery
 k - a +3 ring of dexterity
 l - a +3 ring of dexterity
Wands
 h - a wand of quicksilver (10)
Scrolls
 j - 2 scrolls of blinking
Potions
 b - a potion of might
 e - 5 potions of curing
 f - 2 potions of heal wounds
 g - a potion of haste
 i - a potion of berserk rage


   Skills:
 + Level 11.7 Fighting
 * Level 15.6 Polearms
 + Level 11.7 Armour
 - Level 3.6 Shields


You had 7 spell levels left.
You didn't know any spells.
Your spell library was empty.

Dungeon Overview and Level Annotations

Branches:
Dungeon (1/1)

Altars:
Cheibriados
Dithmenos
Elyvilon
Fedhas
Gozag
Hepliaklqana
Kikubaaqudgha
Makhleb
Nemelex Xobeh
Okawaru
Qazlal
Ru
Sif Muna
Trog
Uskayaw
Vehumet
Wu Jian
Xom
Yredelemnul
Zin
The Shining One
Jiyva
Lugonu


Innate Abilities, Weirdness & Mutations

You have a pair of horns on your head.
You reflexively headbutt those who attack you in melee.


Message History

The boulder beetle is lightly wounded.
The boulder beetle bites you!!
You hit the boulder beetle but do no damage.
You headbutt the boulder beetle.
The boulder beetle is moderately wounded.
You hit the boulder beetle but do no damage.
The boulder beetle is moderately wounded.
The boulder beetle bites you.
You hit the boulder beetle.
The boulder beetle is moderately wounded.
You hit the boulder beetle.
The boulder beetle is moderately wounded.
The boulder beetle bites you.
You hit the boulder beetle but do no damage.
The boulder beetle is moderately wounded.
The boulder beetle bites you!
* * * LOW HITPOINT WARNING * * *
You hit the boulder beetle.
The boulder beetle is heavily wounded.
You hit the boulder beetle but do no damage.
The boulder beetle is heavily wounded.
The boulder beetle barely misses you.
You puncture the boulder beetle!
You headbutt the boulder beetle, but do no damage.
The boulder beetle is heavily wounded.
The boulder beetle bites you!
* * * LOW HITPOINT WARNING * * *
You hit the boulder beetle but do no damage.
The boulder beetle is heavily wounded.
You puncture the boulder beetle!
You headbutt the boulder beetle, but do no damage.
The boulder beetle is severely wounded.
The boulder beetle bites you but does no damage.
You barely miss the boulder beetle.
The boulder beetle is severely wounded.
You hit the boulder beetle but do no damage.
The boulder beetle is severely wounded.
The boulder beetle bites you!
You die...
Your body crumbles into a pile of gold. $$$$$ $ $ $ $$$$$ $ $ ▓▓▓▓▓▓▓▓▓▓▓▓▓▓▓▓▓▓▓▓▓▓▓▓ .TDHzCB@..)))'..[[[.)?!' ▓▓▓▓▓▓▓▓▓▓▓▓▓▓▓▓▓▓▓▓▓▓▓▓

You could see a boulder beetle, a five-headed hydra, a skeletal warrior, a manticore, a cyclops and a troll.

Vanquished Creatures
  A two-headed ogre (D)
  A kobold demonologist (D)
  An acid dragon (D)
  A water moccasin (D)
  A centaur (D)
  A kobold brigand (D)
  A wight (D)
  A killer bee (D)
  An iguana (D)
  An orc (D)
  A bat (D)
  A quokka (D)
  A ball python (D)
  A frilled lizard (D)
  A kobold (D)
  A rat (D)
16 creatures vanquished.

Notes
Turn   | Place    | Note
-------+----------+-------------------------------------------
     0 | D        | Heoruswealwe the Minotaur Fighter began the quest for the
                  | Orb.
     0 | D        | Reached XP level 1. HP: 19/19 MP: 0/0
    14 | D        | Reached skill level 3 in Polearms
    35 | D        | Noticed a water moccasin
    35 | D        | Noticed a centaur
    35 | D        | Noticed an iguana
    43 | D        | Killed an iguana
    44 | D        | Reached skill level 5 in Fighting
    44 | D        | Reached skill level 5 in Polearms
    44 | D        | Reached skill level 5 in Armour
    44 | D        | Reached XP level 2. HP: 17/29 MP: 1/1
    44 | D        | Reached XP level 3. HP: 21/36 MP: 2/2
    50 | D        | Killed a centaur
    51 | D        | Reached skill level 8 in Polearms
    51 | D        | Reached XP level 4. HP: 28/45 MP: 3/3
    52 | D        | Killed a water moccasin
    53 | D        | Reached skill level 10 in Polearms
    53 | D        | Reached XP level 5. HP: 26/53 MP: 4/4
    73 | D        | Found a snail-covered altar of Cheibriados.
    73 | D        | Found a shadowy altar of Dithmenos.
    73 | D        | Found a white marble altar of Elyvilon.
    73 | D        | Found a blossoming altar of Fedhas.
    73 | D        | Found an opulent altar of Gozag.
    74 | D        | Found a hazy altar of Hepliaklqana.
    75 | D        | Found a viscous altar of Jiyva.
    76 | D        | Found an ancient bone altar of Kikubaaqudgha.
    77 | D        | Found a corrupted altar of Lugonu.
    78 | D        | Found a burning altar of Makhleb.
    79 | D        | Found a sparkling altar of Nemelex Xobeh.
    80 | D        | Found an iron altar of Okawaru.
    81 | D        | Became a worshipper of Gozag Ym Sagoz the Greedy
    82 | D        | Found a stormy altar of Qazlal.
    83 | D        | Found a sacrificial altar of Ru.
    84 | D        | Found a shimmering blue altar of Sif Muna.
    85 | D        | Found a bloodstained altar of Trog.
    86 | D        | Found a hide-covered altar of Uskayaw.
    87 | D        | Found a radiant altar of Vehumet.
    88 | D        | Found an ornate altar of the Wu Jian Council.
    89 | D        | Found a shimmering altar of Xom.
    90 | D        | Found a basalt altar of Yredelemnul.
    91 | D        | Found a glowing silver altar of Zin.
    92 | D        | Found a glowing golden altar of the Shining One.
   116 | D        | Noticed a two-headed ogre
   116 | D        | Noticed a kobold demonologist
   116 | D        | Noticed an acid dragon
   122 | D        | Killed an acid dragon
   123 | D        | Reached skill level 11 in Polearms
   123 | D        | Reached XP level 6. HP: 54/63 MP: 5/5
   126 | D        | Noticed an orange demon
   127 | D        | Reached skill level 12 in Polearms
   141 | D        | Killed a kobold demonologist
   142 | D        | Reached skill level 10 in Fighting
   142 | D        | Reached skill level 13 in Polearms
   142 | D        | Reached skill level 10 in Armour
   142 | D        | Reached XP level 7. HP: 63/73 MP: 6/6
   147 | D        | Reached skill level 14 in Polearms
   151 | D        | Killed a two-headed ogre
   152 | D        | Reached skill level 15 in Polearms
   152 | D        | Reached XP level 8. HP: 48/83 MP: 7/7
   168 | D        | Noticed a troll
   168 | D        | Noticed a five-headed hydra
   168 | D        | Noticed a manticore
   168 | D        | Noticed a skeletal warrior
   168 | D        | Noticed a cyclops
   168 | D        | Noticed a boulder beetle
   181 | D        | Slain by a boulder beetle

Illustrated notes

Levels and vault maps discovered:
D:        linesprint [early_d, line_temple, items_1, d_10, items_2, lair_1,
          lair_end, items_3, orc_1, orc_end, items_4, d_15, swamp_1, shoals_1,
          snake_1, spider_1, d_20, vaults_1, items_5, swamp_end, shoals_end,
          snake_end, spider_end, vaults_end, d_27, items_6, zot_1, zot_end,
          crypt_end, forest_end, elf_end, slime_end, tomb_end, abyss_end,
          pan_hell_end]

Skill      XL: |  1  2  3  4  5  6  7 |
---------------+----------------------+-----
Polearms       | 5 8 10 11 13 15 | 15.6
Fighting       | 5 6 7 9 10 11 | 11.7
Armour         | 5 6 7 9 10 11 | 11.7
Shields        | |  3.6

Action                     |  1- 3 |  4- 6 |  7- 9 || total
---------------------------+-------+-------+-------++-------
  Melee: Trident           |    31 |    29 |    22 ||    82
         Headbutt          |     1 |     6 |     9 ||    16
    Use: Potion            |     1 |       |       ||     1
 Armour: Scale mail        |    19 |     1 |       ||    20
         Chain mail        |       |    10 |     1 ||    11
  Dodge: Dodged            |    21 |     6 |     3 ||    30
  Block: Buckler           |     7 |       |     2 ||     9
